 Dungeon Crawl Stone Soup version 0.27-a0-1123-g2f9bb313c0 (webtiles) character file.

Game seed: 9776785698673624562

833 nikku the Skirmisher (level 7, -10/66 HPs)
             Began as a Minotaur Berserker on May 3, 2021.
             Was a Priest of Trog.
             Mangled by an ogre
             ... wielding a +0 giant club
              (22 damage)
             ... on level 5 of the Dungeon.
             The game lasted 00:07:28 (4903 turns).

nikku the Skirmisher (Minotaur Berserker)           Turns: 4903, Time: 00:07:29

Health: -10/66     AC:  3    Str: 24    XL:     7   Next: 65%
Magic:  6/6        EV: 12    Int:  4    God:    Trog [***...]
Gold:   141        SH:  0    Dex:  9    Spells: 6/6 levels left

rFire    . . .     SeeInvis .   a - +0 hand axe
rCold    + . .     Faith    .   (no shield)
rNeg     + . .     Spirit   .   b - +1 animal skin
rPois    .         Reflect  .   (helmet restricted)
rElec    .         Harm     .   (no cloak)
rCorr    .         Rampage  .   (no gloves)
Will     .....                  (no boots)
Stlth    +.........             (no amulet)
HPRegen  0.21/turn              i - ring of positive energy
MPRegen  0.10/turn              j - ring of protection from cold

@: no status effects
A: horns 2, retaliatory headbutt
a: Renounce Religion, Berserk, Trog's Hand


You were on level 5 of the Dungeon.
You worshipped Trog.
Trog was most pleased with you.
You visited 1 branch of the dungeon, and saw 5 of its levels.

You collected 141 gold pieces.

Inventory:

Hand Weapons
 a - a +0 hand axe (weapon)
Armour
 b - a +1 animal skin (worn)
Jewellery
 i - a ring of positive energy (left hand)
 j - a ring of protection from cold (right hand)
Wands
 e - a wand of mindburst (20)
Scrolls
 c - a scroll of identify
 f - 3 scrolls of teleportation
 k - a scroll of fear
Potions
 d - 2 potions of mutation
 g - 3 potions of curing
 h - a potion of attraction {unknown}


   Skills:
 + Level 7.0 Fighting
 + Level 7.0 Axes
 + Level 6.4 Armour
 - Level 2.1 Dodging


You had 6 spell levels left.
You didn't know any spells.
Your spell library was empty.

Dungeon Overview and Level Annotations

Branches:
Dungeon (5/15)
 Temple: D:4-7

Altars:
Makhleb
Nemelex Xobeh


Innate Abilities, Weirdness & Mutations

You have a pair of horns on your head.
You reflexively headbutt those who attack you in melee.


Message History

The bullfrog zombie closely misses you. You furiously retaliate!
You headbutt the bullfrog zombie! You hit the bullfrog zombie.
The bullfrog zombie is almost destroyed.
The bullfrog zombie hits you but does no damage.
You barely miss the bullfrog zombie. You headbutt the bullfrog zombie!
You destroy the bullfrog zombie!
Trog accepts your kill.
Your Fighting skill increases to level 7!
Your Axes skill increases to level 7!
No target in view!
k - a scroll of fear You now have 141 gold pieces (gained 7).
You see here 28 stones.
Found a stone staircase leading up.
You hear the quick rusting of a very distant drain.
An ogre comes into view. It is wielding a +0 giant club.
An ogre is nearby!
Found a dented zirconium amulet.
The ogre hits you with a +0 giant club!!
You hit the ogre. You headbutt the ogre!
The ogre is moderately wounded.
You slash the ogre!
The ogre is severely wounded.
The ogre hits you with a +0 giant club!
You are too injured to fight recklessly!
You are too injured to fight recklessly!
You are too injured to fight recklessly!
You are too injured to fight recklessly!
You hit the ogre. Your headbutt misses the ogre.
The ogre is severely wounded.
The ogre hits you with a +0 giant club!
* * * LOW HITPOINT WARNING * * *
You barely miss the ogre.
You headbutt the ogre, but do no damage.
The ogre is severely wounded.
You hit the ogre but do no damage.
The ogre is severely wounded.
The ogre hits you with a +0 giant club!!
You die...

#.........###
#..^......#
####.........#
###
#............#
#..##
#.############
#....##.#
##.....#.#
#........#
#.....@..#
#..".O..##
........##
.......##
.....## ...##
###


You could see an ogre.

Vanquished Creatures
  The ghost of PeterMcNeter the Slasher, an amateur HuMo (D:3)
  A black bear (D:4)
  An ogre (D:4)
  A phantom (D:4)
  2 water moccasin skeletons
  A bullfrog zombie (D:5)
  A hound (D:4)
  Natasha (twice) (D:3)
  An iguana (D:5)
  4 gnolls (D:5)
  7 adders
  A white imp (D:4)
  An adder skeleton (D:5)
  2 worms
  6 dart slugs
  An orc (D:4)
  7 ball pythons
  7 endoplasms
  4 giant cockroaches
  5 hobgoblins
  15 jackals
  4 quokkas
  10 bats
  A frilled lizard (D:2)
  9 goblins
  4 kobolds
  4 rats
103 creatures vanquished.

Vanquished Creatures (others)
  A fungus (D:2)
  14 plants (D:3)
15 creatures vanquished.

Grand Total: 118 creatures vanquished

Notes
Turn   | Place    | Note
-------+----------+-------------------------------------------
     0 | D:1      | nikku the Minotaur Berserker began the quest for the Orb.
     0 | D:1      | Reached XP level 1. HP: 19/19 MP: 0/0
   318 | D:1      | Reached XP level 2. HP: 23/27 MP: 1/1
   655 | D:1      | Reached XP level 3. HP: 33/33 MP: 2/2
   717 | D:1      | Reached ** piety under Trog
   788 | D:1      | Found a faded altar of an unknown god.
  1169 | D:2      | Reached XP level 4. HP: 37/41 MP: 3/3
  1548 | D:2      | Found a sparkling altar of Nemelex Xobeh.
  2185 | D:3      | Noticed Natasha
  2191 | D:3      | Killed Natasha
  2192 | D:3      | Reached skill level 5 in Axes
  2192 | D:3      | Reached XP level 5. HP: 39/47 MP: 4/4
  2282 | D:3      | Reached skill level 5 in Fighting
  2342 | D:3      | Found a runed translucent door.
  2345 | D:3      | Noticed PeterMcNeter's ghost (amateur HuMo)
  2367 | D:3      | Killed PeterMcNeter's ghost
  2368 | D:3      | Reached XP level 6. HP: 38/56 MP: 5/5
  2571 | D:3      | Noticed Natasha
  2580 | D:3      | Killed Natasha
  3396 | D:4      | Reached skill level 5 in Armour
  3459 | D:4      | Reached *** piety under Trog
  3465 | D:4      | Reached XP level 7. HP: 48/63 MP: 6/6
  3774 | D:4      | Found a burning altar of Makhleb.
  4424 | D:5      | Entered Level 5 of the Dungeon
  4903 | D:5      | Mangled by an ogre

Illustrated notes

Levels and vault maps discovered:
D:1:      tarquinn_simple_flora_water_e, layout_rooms,
          hellmonk_ecumenical_altar_pennies_from_heaven
D:2:      layout_basic, basic_altar, minmay_misc_feat_square,
          minmay_shallow_snake_nest
D:3:      layout_basic, serial_forest, infiniplex_forest_clump_curved,
          infiniplex_forest_clump_C, infiniplex_forest_zigzag_1,
          infiniplex_forest_clump_diagonal, infiniplex_forest_lined_2,
          infiniplex_forest_corner_2, infiniplex_forest_straight_2,
          infiniplex_forest_lined_ring, ebering_ghost_sewer_d,
          grunt_ministairs_10, uniq_natasha
D:4:      layout_cave_pools, overflow_temple_1_default
D:5:      kennysheep_spiral_hall, layout_basic, jmf_multi_god_temple,
          gup_sewer_entry_pipe

Skill      XL: |  1  2  3  4  5  6  7 |
---------------+----------------------+-----
Fighting       | 4 5 6 7 |  7.0
Axes           | 4 5 6 7 |  7.0
Armour         | 3 4 5 6 |  6.4
Dodging        | |  2.1

Action                   |  1- 3 |  4- 6 |  7- 9 || total
-------------------------+-------+-------+-------++-------
Melee: Hand axe          |    75 |    89 |    94 ||   258
       Headbutt          |    13 |    19 |    20 ||    52
Invok: Trog's Hand       |       |     3 |     1 ||     4
       Berserk           |       |     1 |     1 ||     2
  Use: Scroll            |     5 |     3 |     1 ||     9
 Stab: Sleeping          |     1 |     1 |       ||     2
Armor: Animal skin       |    17 |    18 |    10 ||    45
Dodge: Dodged            |    47 |    49 |    40 ||   136

Table legend: (Time is in decaauts)
 A = Elapsed time spent in this place.
 B = Non-inter-level travel time spent in this place.
 C = Inter-level travel time spent in this place.
 D = Time resting spent in this place.
 E = Time spent auto-exploring this place.
 F = Levels seen in this place.
 G = Mean time per level.
                   A        B        C        D        E       F      G
               +--------+--------+--------+--------+--------+-----+--------+
         Total |   4930 |   4863 |     67 |      2 |   4304 |   5 |  986.0 |
       Dungeon |   4930 |   4863 |     67 |      2 |   4304 |   5 |  986.0 |
               +--------+--------+--------+--------+--------+-----+--------+

Top non-repeatable levels by time:
     D:3: 1324 daAuts
     D:2: 1176 daAuts
     D:4: 1031 daAuts
     D:1: 916 daAuts
     D:5: 482 daAuts
